 Dungeon Crawl Stone Soup version 0.18-a0-1347-gb9e2fb4 (webtiles) character file.

822 Ratboiler the Magician (level 7, 0/54 HPs)
             Began as a Deep Elf Wanderer on Feb 17, 2016.
             Was an Initiate of Vehumet.
             Slain by a sky beast (2 damage)
             ... on level 4 of the Dungeon.
             The game lasted 00:18:53 (5416 turns).

Ratboiler the Magician (Deep Elf Wanderer)          Turns: 5416, Time: 00:18:53

Health: 0/54       AC: 23    Str: 10    XL:     7   Next: 63%
Magic:  16/20      EV:  2    Int: 20    God:    Vehumet [......]
Gold:   179        SH:  0    Dex: 12    Spells: 5 memorised, 10 levels left

rFire  . . .     SeeInvis .     b - +2 scythe (freeze)
rCold  . . .     Gourm    .     (armour currently unavailable)
rNeg   + + +     Faith    .     (shield currently unavailable)
rPois  +         Spirit   .     (helmet currently unavailable)
rElec  .         Dismiss  .     (cloak currently unavailable)
rCorr  .         Reflect  .     (gloves currently unavailable)
SustAt .         Harm     .     (boots currently unavailable)
MR     .....     NoTele   +     (no amulet)
Stlth  ++........               (no ring)
                                (no ring)

@: tree-form, repel missiles, not resistant to hostile enchantments, unstealthy
A: (poison resistance)
a: Renounce Religion


You were on level 4 of the Dungeon.
You worshipped Vehumet.
Vehumet was noncommittal.
You were not hungry.
You were a tree.
You visited 2 branches of the dungeon, and saw 6 of its levels.

You collected 179 gold pieces.

Inventory:

Hand Weapons
 a - a +1 short sword of holy wrath
 b - a +2 scythe of freezing (weapon)
 e - a +0 dagger
 n - a +0 hunting sling of flaming
Missiles
 i - 43 stones (quivered)
 u - 12 poisoned needles
Armour
 d - a +0 robe
 g - a cursed +0 cloak (melded)
 j - a +3 leather armour (melded)
Wands
 h - a wand of polymorph (0/24)
 o - a wand of flame (12/48)
Scrolls
 p - 3 scrolls of remove curse
 s - a scroll of random uselessness
 t - a scroll of enchant weapon
 v - 2 scrolls of teleportation
Potions
 k - 2 potions of curing
 r - a potion of degeneration {unknown}
 w - a potion of berserk rage {unknown}
 z - a potion of haste {unknown}
Books
 c - the Tome of Calling

   Spells                             Type                      Level
   a - Summon Small Mammal            Summoning                    1
   b - Recall                         Summoning/Translocation      3
 q - a book of Minor Magic

   Spells                             Type                      Level
   a - Magic Dart                     Conjuration                  1
   b - Blink                          Translocation                2
   c - Call Imp                       Summoning                    2
   d - Repel Missiles                 Charms/Air                   2
   e - Slow                           Hexes                        2
   f - Conjure Flame                  Conjuration/Fire             3
   g - Mephitic Cloud                 Conjuration/Poison/Air       3
Comestibles
 f - a bread ration
 l - 3 meat rations
 x - 3 chunks of flesh


   Skills:
 - Level 1.2 Stealth
 + Level 7.5 Spellcasting
 + Level 6.1 Conjurations
 - Level 3.2 Summonings
 - Level 1.1 Fire Magic
 - Level 3.6 Air Magic
 - Level 4.1 Poison Magic
 - Level 1.1 Evocations


You had 10 spell levels left.
You knew the following spells:

 Your Spells              Type           Power        Failure   Level  Hunger
a - Magic Dart            Conj           ####         1%          1    None
b - Call Imp              Summ           ###.....     3%          2    None
c - Mephitic Cloud        Conj/Pois/Air  ####....     4%          3    None
d - Conjure Flame         Conj/Fire      ###.....     8%          3    None
e - Repel Missiles        Chrm/Air       ##....       10%         2    None


Dungeon Overview and Level Annotations

Branches:
Dungeon (5/15)             Temple (1/1) D:4

Altars:
Elyvilon
Kikubaaqudgha
Makhleb
Okawaru
Ru
Sif Muna
Trog
Vehumet

Annotations:
D:3 Grinder


Innate Abilities, Weirdness & Mutations

((Your system is resistant to poisons.))


Message History

You barely miss something. Something hits you but does no damage.
A sky beast appears from thin air!
Reactivating autopickup.
The sky beast hits you but does no damage.
You barely miss the sky beast.
The sky beast hits you but does no damage. x2
You hit the sky beast. You freeze the sky beast.
The sky beast is moderately wounded.
The sky beast hits you but does no damage. x2
You closely miss the sky beast.
The sky beast is moderately wounded.
The sky beast hits you but does no damage.
The sky beast hits you.
* * * LOW HITPOINT WARNING * * *
The sky beast shocks you.
* * * LOW HITPOINT WARNING * * *
You hit the sky beast. You freeze the sky beast.
The sky beast is heavily wounded.
The sky beast hits you.
You die...

#.# #.......# #.# #.#
#.......#####5#
#.#####.......'.555.#
#.##..........#######
#.##......#####
#.##......# ##
#.##......#
.###.##......#####
...............Y♣#
.###[#..########## .#
#.#.......# .#
#.#.......#
.###.#..##############
..##.#...............#
..##.#..############.#
...#.#..# ##<#.#
.#.#.#..# #..#.#


You could see a sky beast.

Vanquished Creatures
  Sigmund (D:5)
  Menkaure (D:5)
  Blork the orc (D:4)
  A scorpion (D:5)
  A crimson imp (D:5)
  2 hounds (D:5)
  An iguana (D:4)
  A giant frog skeleton (D:4)
  2 worker ants
  A hound skeleton (D:4)
  2 adders
  An ooze (D:4)
  2 giant geckos
  5 orcs
  3 ball pythons
  A giant cockroach (D:4)
  7 goblins
  5 hobgoblins
  2 quokkas
  5 bats
  5 giant newts
  4 kobolds
  7 rats
61 creatures vanquished.

Vanquished Creatures (collateral kills)
  An ice beast (D:5)
  A phantom (D:3)
  A scorpion (D:4)
  A hound (D:4)
  Jessica (D:2)
  Ijyb (D:2)
  An orc wizard (D:3)
  A worker ant (D:4)
  4 adders
  An ooze (D:3)
  2 worms
  2 orcs
  2 giant cockroaches
  A goblin (D:2)
  A hobgoblin (D:2)
  A kobold (D:2)
  2 quokkas (D:2)
  A giant newt (D:3)
  A rat (D:3)
26 creatures vanquished.

Grand Total: 87 creatures vanquished

Notes
Turn   | Place    | Note
--------------------------------------------------------------
     0 | D:1      | Ratboiler the Deep Elf Wanderer began the quest for the Orb.
     0 | D:1      | Ratboiler set off with: a book of Minor Magic, a scroll of teleportation, the Tome of Calling, a +0 robe, a +0 dagger, a bread ration
     0 | D:1      | Reached XP level 1. HP: 10/10 MP: 10/10
     0 | D:1      | Identified the Tome of Calling
     2 | D:1      | Learned a level 1 spell: Magic Dart
   123 | D:1      | Reached skill level 1 in Conjurations
   300 | D:1      | Reached XP level 2. HP: 12/15 MP: 9/12
   325 | D:1      | Learned a level 2 spell: Call Imp
   328 | D:1      | Learned a level 2 spell: Repel Missiles
  1188 | D:2      | Found an iron altar of Okawaru.
  1271 | D:2      | Reached XP level 3. HP: 19/19 MP: 1/13
  1390 | D:2      | Noticed Jessica
  1419 | D:2      | Killed Jessica
  1427 | D:2      | Learned a level 3 spell: Conjure Flame
  1431 | D:2      | Learned a level 3 spell: Mephitic Cloud
  1443 | D:2      | Noticed Ijyb
  1452 | D:2      | Killed Ijyb
  1452 | D:2      | Reached XP level 4. HP: 16/24 MP: 3/15
  2480 | D:3      | Found a white marble altar of Elyvilon.
  2488 | D:3      | Noticed a phantom
  2520 | D:3      | Killed a phantom
  2520 | D:3      | Reached XP level 5. HP: 23/28 MP: 1/16
  2629 | D:3      | Noticed Grinder
  2694 | D:3      | Paralysed by Grinder for 3 turns
  2769 | D:3      | Paralysed by Grinder for 4 turns
  3149 | D:3      | Paralysed by Grinder for 4 turns
  3280 | D:4      | Noticed Blork the orc
  3299 | D:4      | Killed Blork the orc
  3299 | D:4      | Reached skill level 5 in Conjurations
  3463 | D:4      | Reached XP level 6. HP: 32/32 MP: 9/18
  3477 | D:4      | Gained mutation: Your system is resistant to poisons. [potion of beneficial mutation]
  3881 | D:4      | Found a burning altar of Makhleb.
  3997 | D:4      | Reached skill level 1 in Air Magic
  4012 | D:4      | Found a staircase to the Ecumenical Temple.
  4021 | Temple   | Entered the Ecumenical Temple
  4035 | Temple   | Became a worshipper of Vehumet
  4256 | D:5      | Entered Level 5 of the Dungeon
  4286 | D:5      | Noticed an ice beast
  4439 | D:5      | Noticed Sigmund
  4441 | D:5      | Noticed Menkaure
  4731 | D:5      | Killed an ice beast
  4731 | D:5      | Reached XP level 7. HP: 36/36 MP: 9/19
  5013 | D:5      | Killed Sigmund
  5020 | D:5      | Killed Menkaure
  5415 | D:4      | HP: 2/54 [sky beast (6)]
  5416 | D:4      | Slain by a sky beast

Vault maps used:
D:1:      lemuel_arrival_behind_the_door_small
D:2:      lemuel_coloured_pillars_altar, first_bread, uniq_jessica, uniq_iyjb
D:3:      elyvilon_altar_4, uniq_grinder
D:4:      minmay_temple_entry_trees, makhleb_blood_cavern_becter,
          uniq_blork_the_orc
D:5:      gammafunk_temple_overflow_forgotten, uniq_menkaure, uniq_sigmund
Temple:   circular_temple_12

Action                   |  1- 3 |  4- 6 |  7- 9 || total
-------------------------+-------+-------+-------++-------
Melee: Dagger            |    13 |       |       ||    13
       Short sword       |       |    44 |    16 ||    60
       Scythe            |       |       |    27 ||    27
 Cast: Magic Dart        |    44 |    73 |     4 ||   121
       Call Imp          |    10 |    69 |    15 ||    94
       Repel Missiles    |     1 |       |       ||     1
       Mephitic Cloud    |       |     9 |     7 ||    16
       Conjure Flame     |       |     1 |       ||     1
Evoke: Wand              |       |       |     6 ||     6
  Use: Scroll            |       |     4 |       ||     4
       Potion            |       |     1 |     3 ||     4
 Stab: Confused          |       |     4 |     4 ||     8
  Eat: Chunk             |     1 |     5 |     2 ||     8
       Bread ration      |       |     1 |       ||     1
       Beef jerky        |       |       |     1 ||     1
